[Event "FIN-ch Seniors 65 2020"]
[Site "Helsinki"]
[Date "2020.09.24"]
[Round "1.1"]
[White "Ruotanen, Helge"]
[Black "Jarnstrom, Henrik"]
[Result "1-0"]
[ECO "A00"]
[WhiteElo "1946"]
[BlackElo "1696"]
[Annotator "NA"]
[PlyCount "87"]
[EventDate "2020.09.24"]
[EventType "swiss"]
[EventCountry "FIN"]
[SourceTitle "playchess.com"]
[Source "ChessBase"]
[SourceQuality "1"]
[TimeControl "40/5400+30:1800+30"]

1. d3 d5 2. g3 Nf6 3. Bg2 g6 4. Bg5 Bg7 5. Nc3 c6 6. Nf3 h6 7. Bd2 Na6 8. e4 dxe4 9. dxe4 Bg4 10. h3 Be6 11. Qe2 Qc7 12. Nd4 Qe5 13. Be3 Bc8 14. f4 Qa5 15. Nb3 Qc7 16. e5 Nh7 17. Qf2 Bd7 18. Bxa7 O-O 19. Bb6 Qc8 20. O-O-O f6 21. Qd4 Be6 22. exf6 Nxf6 23. Qe3 Re8 24. a3 Bf7 25. g4 Kh7 26. Qd3 e6 27. Qg3 Nd5 28. Nxd5 cxd5 29. Qf2 Qc6 30. Rd2 Rac8 31. h4 Qb5 32. Rh3 Kg8 33. Bf1 Qc6 34. h5 e5 35. hxg6 Bxg6 36. f5 Bh7 37. Rhd3 d4 38. Ba5 e4 39. Bg2 Qc4 40. Rxd4 Qxb3 41. Bxe4 Rxe4 42. Rd8+ Bf8 43. Rxc8 Qa2 44. Rdd8 1-0

[Event "FIN-ch Seniors 65 2020"]
[Site "Helsinki"]
[Date "2020.09.24"]
[Round "1.2"]
[White "Terasalo, Kari"]
[Black "Karppinen, Martti"]
[Result "0-1"]
[ECO "B50"]
[WhiteElo "1782"]
[BlackElo "1878"]
[Annotator "NA"]
[PlyCount "74"]
[EventDate "2020.09.24"]
[EventType "swiss"]
[EventCountry "FIN"]
[SourceTitle "playchess.com"]
[Source "ChessBase"]
[SourceQuality "1"]
[TimeControl "40/5400+30:1800+30"]

1. e4 c5 2. Nf3 d6 3. Bc4 e5 4. O-O Be7 5. Nc3 Nf6 6. Re1 Nc6 7. Nd5 O-O 8. Nxe7+ Nxe7 9. c3 a6 10. d4 Ng6 11. Bg5 h6 12. Bxf6 Qxf6 13. dxe5 dxe5 14. Re3 Nf4 15. Qf1 Be6 16. Bxe6 Qxe6 17. Nh4 g6 18. g3 Qf6 19. Nf3 Ne6 20. Rd1 Rad8 21. Rd5 Rxd5 22. exd5 Nc7 23. Qd1 Qd6 24. Rxe5 f6 25. Re2 Qxd5 26. Rd2 Qxa2 27. Rd7 Ne6 28. b3 Re8 29. Qd3 f5 30. Nh4 Qxb3 31. Nxg6 Qb5 32. c4 Qa4 33. Qxf5 Qxd7 34. Nf4 Qd1+ 35. Kg2 Nxf4+ 36. Qxf4 Qd7 37. Qxh6 Qc6+ 0-1

[Event "FIN-ch Seniors 65 2020"]
[Site "Helsinki"]
[Date "2020.09.24"]
[Round "1.3"]
[White "Virtanen, Esko"]
[Black "Koskinen, Hannu E."]
[Result "0-1"]
[ECO "E92"]
[WhiteElo "1739"]
[BlackElo "1753"]
[Annotator "NA"]
[PlyCount "102"]
[EventDate "2020.09.24"]
[EventType "swiss"]
[EventCountry "FIN"]
[SourceTitle "playchess.com"]
[Source "ChessBase"]
[SourceQuality "1"]
[TimeControl "40/5400+30:1800+30"]

1. Nf3 Nf6 2. d4 g6 3. c4 Bg7 4. Nc3 O-O 5. e4 d6 6. Be2 e5 7. dxe5 dxe5 8. Qxd8 Rxd8 9. O-O c6 10. Nxe5 Na6 11. Bg5 Re8 12. f4 Nc5 13. Bf3 Ne6 14. Bxf6 Bxf6 15. Nd3 Nd4 16. e5 Nxf3+ 17. Rxf3 Be7 18. h3 h5 19. Ne4 Rd8 20. c5 b6 21. b4 Rd4 22. Nd6 Ba6 23. Rd1 Rb8 24. Kf2 Bxd3 25. Rdxd3 Rxb4 26. cxb6 axb6 27. Rb3 Rxb3 28. axb3 Bxd6 29. exd6 Rd8 30. Rd3 Kf8 31. Ke3 Ke8 32. Ke4 f6 33. g4 hxg4 34. hxg4 Kd7 35. f5 Re8+ 36. Kf4 g5+ 37. Kg3 Re5 38. Kf3 Rd5 39. Re3 Rxd6 40. Ke4 c5 41. Rc3 Kc6 42. Kf3 b5 43. Re3 c4 44. bxc4 bxc4 45. Re8 Kc5 46. Rc8+ Rc6 47. Rd8 c3 48. Ke2 c2 49. Kd2 Rd6+ 50. Rxd6 Kxd6 51. Kxc2 Ke5 0-1

[Event "FIN-ch Seniors 65 2020"]
[Site "Helsinki"]
[Date "2020.09.24"]
[Round "1.4"]
[White "Patola, Eero"]
[Black "Tiensuu, Seppo"]
[Result "1-0"]
[ECO "A36"]
[WhiteElo "1826"]
[BlackElo "1412"]
[Annotator "NA"]
[PlyCount "73"]
[EventDate "2020.09.24"]
[EventType "swiss"]
[EventCountry "FIN"]
[SourceTitle "playchess.com"]
[Source "ChessBase"]
[SourceQuality "1"]
[TimeControl "40/5400+30:1800+30"]

1. e4 c5 2. c4 Nc6 3. Nc3 e5 4. g3 Nf6 5. Bg2 d6 6. h3 Nb4 7. d3 Qa5 8. Nge2 Be6 9. O-O a6 10. a3 Nc6 11. f4 h5 12. f5 Bd7 13. Bd2 Qc7 14. Bg5 Be7 15. Qd2 O-O-O 16. Rfb1 Be8 17. b4 Nd4 18. b5 axb5 19. Nxd4 exd4 20. Nxb5 Bxb5 21. Rxb5 b6 22. Rab1 Kd7 23. Bf4 Rb8 24. Re1 Ne8 25. e5 Rg8 26. Bd5 Rf8 27. Bxf7 dxe5 28. Be6+ Kd8 29. Rxe5 Nd6 30. Rd5 Ke8 31. Qe2 g5 32. Qxh5+ Kd8 33. Bxg5 Bxg5 34. Qxg5+ Ke8 35. Qh5+ Nf7 36. Bd7+ Ke7 37. Qh4+ 1-0

[Event "FIN-ch Seniors 65 2020"]
[Site "Helsinki"]
[Date "2020.09.24"]
[Round "1.5"]
[White "Auvinen, Esa"]
[Black "Saharinen, Petri"]
[Result "1-0"]
[ECO "C19"]
[WhiteElo "1809"]
[BlackElo "1720"]
[Annotator "NA"]
[PlyCount "185"]
[EventDate "2020.09.24"]
[EventType "swiss"]
[EventCountry "FIN"]
[SourceTitle "playchess.com"]
[Source "ChessBase"]
[SourceQuality "1"]
[TimeControl "40/5400+30:1800+30"]

1. e4 e6 2. d4 d5 3. Nc3 Bb4 4. e5 c5 5. a3 Bxc3+ 6. bxc3 Ne7 7. a4 cxd4 {[%emt 0:02:38] C19: French: 3 Nc3 Bb4: Main line: 7 Nf3 and 7 a4.} 8. cxd4 Qa5+ 9. Qd2 Qxd2+ 10. Bxd2 Nbc6 11. Nf3 {[%emt 0:02:40] [#]} a6 $146 ({Predecessor:} 11... Nf5 12. Bc3 Bd7 13. Bd3 Rc8 14. Kd2 Rc7 15. Rhb1 O-O 16. a5 f6 17. Bb2 Rf7 18. Ba3 Nfxd4 19. Nxd4 Nxd4 {½-½ (54) Kravtsiv,M (2565)-Dgebuadze,A (2521) Metz 2011}) 12. Bd3 h6 13. O-O Nf5 14. Be3 O-O 15. g4 Nxe3 16. fxe3 Nb4 17. Rfb1 a5 18. Rb2 b6 19. Bb5 Ba6 20. Bxa6 Rxa6 21. c3 Nc6 22. Rab1 Rb8 23. Nd2 g5 24. c4 Nb4 25. cxd5 exd5 26. Kf1 Ra7 27. Ke2 Re7 28. Rc1 Rf8 29. Nf3 f6 30. exf6 Rxf6 31. Ne5 Kg7 32. Rf1 Rfe6 33. Rf3 Nc6 34. Nxc6 Rxc6 35. Rf5 Rce6 36. Rb3 Re4 37. Rxd5 Rxg4 38. Rxb6 Rg2+ 39. Kd3 Rxh2 40. Rdd6 Rh3 41. Re6 Rd7 42. Ke4 Rh4+ 43. Ke5 g4 44. Rg6+ Kh7 45. Kf4 Re7 46. Rxg4 Rxg4+ 47. Kxg4 Rxe3 48. Kf5 h5 49. Kg5 Rd3 50. Rb7+ Kg8 51. Kg6 Kf8 52. Kf6 Ke8 53. Ke5 Re3+ 54. Kd6 h4 55. Rb5 h3 56. Rxa5 Rd3 57. d5 h2 58. Ra8+ Kf7 59. Rh8 Rd2 60. Kc6 Ke7 61. Rh7+ Kf6 62. d6 Kg6 63. Rh3 Rc2+ 64. Kd7 Kg5 65. Kd8 Kg4 66. Rh8 Kg3 67. d7 Kg2 68. Ke7 Re2+ 69. Kd6 Rd2+ 70. Kc6 Rc2+ 71. Kb6 Rb2+ 72. Kc7 Rc2+ 73. Kd8 h1=Q 74. Rxh1 Kxh1 75. a5 Ra2 76. Kc7 Rxa5 77. d8=Q Ra3 78. Qd5+ Kh2 79. Qd6+ Rg3 80. Kc6 Kg2 81. Kc5 Rg5+ 82. Kd4 Rg4+ 83. Ke3 Rg3+ 84. Ke2 Rg5 85. Qf6 Rg3 86. Qf1+ (86. Qc6+ $142 Kh3 87. Qh1+ Kg4 88. Kf2 Ra3 89. Qd5 Rh3 90. Qe6+ Kh4 91. Qe7+ Kh5 92. Qh7+ Kg4 93. Qd7+ Kh4 94. Qe7+ Kh5 95. Qe8+ Kg5 96. Qe5+ Kg4 97. Qe4+ Kg5 98. Qe5+ Kg4 99. Qe6+ Kh4 100. Qe7+) 86... Kh2 {[%emt 0:00:00] [#]} 87. Qf4 $1 Kg2 88. Qe4+ Kg1 89. Ke1 Rg2 90. Qd4+ Kh2 91. Kf1 Kh3 92. Qh8+ Kg3 93. Qg7+ 1-0

[Event "FIN-ch Seniors 65 2020"]
[Site "Helsinki"]
[Date "2020.09.25"]
[Round "2.2"]
[White "Karppinen, Martti"]
[Black "Auvinen, Esa"]
[Result "1/2-1/2"]
[ECO "E12"]
[WhiteElo "1878"]
[BlackElo "1809"]
[Annotator "NA RC"]
[PlyCount "106"]
[EventDate "2020.09.24"]
[EventType "swiss"]
[EventCountry "FIN"]
[SourceTitle "playchess.com"]
[Source "ChessBase"]
[SourceQuality "1"]
[TimeControl "40/5400+30:1800+30"]

1. d4 Nf6 2. c4 e6 3. Bg5 Be7 4. Nc3 d5 5. Nf3 O-O 6. e3 b6 7. Be2 Bb7 8. O-O Nbd7 9. Rc1 dxc4 10. Bxc4 c5 11. Be2 {[%emt 0:04:34] E12: Queen's Indian: Unusual White 4th moves, 4 a3, 4 Nc3 Bb7 5 a3 and 4 Nc3 Bb7 .} Rc8 12. Qa4 {[%emt 0:01:32] [#]} a6 $146 ({Predecessor:} 12... Bc6 13. Qb3 h6 14. Bh4 Nd5 15. Bg3 Nxc3 16. bxc3 Nf6 17. Ba6 Ra8 18. Ne5 Qd5 19. Nxc6 Qxc6 {0-1 (49) Krol,K-Vanek,T (2060) Wroclaw 2005}) 13. Rfd1 b5 14. Qb3 Nd5 (14... Qc7 $15) 15. Bxe7 Qxe7 16. a3 (16. Nxd5 $11 Bxd5 17. Qa3) 16... cxd4 17. exd4 (17. Nxd4 $11 {remains equal.} Ne5 18. Nxd5 Bxd5 19. Qb4) 17... Nf4 18. Re1 (18. Qc2 $17 {keeps fighting.}) 18... Nxe2+ (18... Qf6 $19 19. Qc2 Nb6) 19. Nxe2 Qf6 20. Red1 Bxf3 21. Qxf3 Qxf3 22. gxf3 Nb6 23. b3 Rfd8 24. Kf1 Kf8 25. Rxc8 Rxc8 26. Rc1 Ke7 27. Rxc8 Nxc8 28. Nc3 Kd6 29. Ke2 f5 30. Ke3 Nb6 31. Kd3 (31. f4 $15) 31... g5 32. Ne2 Nd5 33. Kd2 h5 34. Kd3 {[%emt 0:03:41] [#]} e5 $1 35. Ng3 Nf4+ 36. Kc3 Ke6 37. dxe5 h4 ({Not} 37... Kxe5 38. Kd2 $17) 38. Nf1 Kxe5 39. Kb4 Kd4 40. Ne3 Nd3+ $2 (40... Kd3 $19 {and Black stays clearly on top.} 41. Nxf5 Ke2 42. Ng3+ Kxf2 43. Ne4+ Kg2 44. Nxg5 Kxh2) 41. Ka5 Kc3 42. Nxf5 Kxb3 43. Kxa6 Kxa3 44. Kxb5 Nxf2 45. Kc4 Kb2 46. Kd4 Kc2 47. Ke3 Nh3 48. Ke2 Kc3 49. Ke3 Kb3 50. Kd4 Nf2 51. f4 gxf4 52. Nxh4 Ng4 53. h3 $11 Nf2 1/2-1/2

[Event "FIN-ch Seniors 65 2020"]
[Site "Helsinki"]
[Date "2020.09.25"]
[Round "2.3"]
[White "Jarnstrom, Henrik"]
[Black "Patola, Eero"]
[Result "1/2-1/2"]
[ECO "B01"]
[WhiteElo "1696"]
[BlackElo "1826"]
[Annotator "NA RC"]
[PlyCount "106"]
[EventDate "2020.09.24"]
[EventType "swiss"]
[EventCountry "FIN"]
[SourceTitle "playchess.com"]
[Source "ChessBase"]
[SourceQuality "1"]
[TimeControl "40/5400+30:1800+30"]

1. e4 d5 2. exd5 Nf6 3. d4 Nxd5 4. c4 Nb6 5. Be3 c6 6. Nc3 {[%emt 0:00:38] B01: Scandinavian Defence.} g6 7. h3 Bg7 8. Nf3 Be6 9. b3 c5 10. Rc1 cxd4 {[%emt 0:02:15] [#]} 11. Nxd4 $146 ({Predecessor:} 11. Bxd4 O-O 12. Bxg7 Qxd1+ 13. Rxd1 Kxg7 14. Nd4 Bc8 15. Be2 Na6 16. O-O Nc7 17. Bf3 {1-0 (50) Brajovic,M (2147)-Buzganovic,J Belgrade 2007}) 11... Bd7 12. c5 Nc8 13. b4 O-O 14. Be2 Nc6 15. b5 (15. Nxc6 $16 bxc6 16. O-O) 15... Nxd4 16. Bxd4 Bxd4 (16... e5 $14 17. Be3 Ne7) 17. Qxd4 Be6 18. Qe4 Qc7 19. O-O $2 (19. Qe3 $18) 19... Qxc5 20. Qxb7 Nb6 21. Bf3 Bc8 ({Black should try} 21... Qa3 $14) 22. Qe4 (22. Qc6 $16 Qxc6 23. bxc6) 22... Bf5 (22... Rb8 $14) 23. Qe2 Rae8 {[%emt 0:07:42] [#]} 24. Bc6 $1 Bd7 {[%emt 0:02:34] [#]} 25. Na4 $1 Qd4 26. Nxb6 Bxc6 27. bxc6 Qxb6 28. Rfd1 $2 (28. c7 $18) 28... Rc8 29. Qe4 Rfd8 30. Qxe7 Rxd1+ 31. Rxd1 Qxc6 32. Rd8+ Rxd8 33. Qxd8+ Kg7 34. Qd4+ Qf6 35. Qxa7 Qa1+ 36. Kh2 Qe5+ 37. g3 h5 38. h4 g5 $2 {[%emt 0:01:27] [#]} (38... Qb2 39. a4 g5 40. hxg5 h4) 39. hxg5 (39. Qe3 $142 $1 Qa1 40. Qxg5+ {[%mdl 64] Double Attack} Kf8 41. Qxh5) 39... h4 {[%emt 0:01:48] [#]} 40. Kg2 $2 (40. Qe3 $1 $18 hxg3+ 41. Qxg3) 40... hxg3 41. fxg3 Qe4+ 42. Kf2 Qf5+ 43. Ke2 Qg4+ 44. Kd2 Qxg5+ 45. Kc2 (45. Qe3 $5 Qd5+ 46. Qd3 Qxa2+ 47. Ke3 $11) 45... Qxg3 46. Qd4+ f6 47. a4 Qg2+ 48. Kb3 Qb7+ 49. Qb4 Qd5+ 50. Qc4 Qb7+ 51. Qb5 Qf3+ 52. Kb4 Qe4+ 53. Ka5 Qa8+ $11 1/2-1/2

[Event "FIN-ch Seniors 65 2020"]
[Site "Helsinki"]
[Date "2020.09.25"]
[Round "2.4"]
[White "Tiensuu, Seppo"]
[Black "Terasalo, Kari"]
[Result "0-1"]
[ECO "B24"]
[WhiteElo "1412"]
[BlackElo "1782"]
[Annotator "NA RC"]
[PlyCount "50"]
[EventDate "2020.09.24"]
[EventType "swiss"]
[EventCountry "FIN"]
[SourceTitle "playchess.com"]
[Source "ChessBase"]
[SourceQuality "1"]
[TimeControl "40/5400+30:1800+30"]

1. e4 c5 2. Nc3 d6 3. g3 Nf6 4. Bg2 Nc6 5. Nce2 e5 6. c3 Qb6 7. Nf3 Nxe4 8. Nxe5 Nxf2 9. Bxc6+ bxc6 10. Kxf2 dxe5 11. d3 Bd6 12. b3 O-O 13. Be3 Qd8 14. Qc2 Bh3 15. Ke1 Qf6 16. Kd2 Rad8 17. Rae1 e4 18. d4 cxd4 19. cxd4 Bb4+ 20. Nc3 c5 21. Qxe4 cxd4 22. Kc2 Bf5 23. Rhf1 Bxe4+ 24. Nxe4 Qc6+ 25. Kb1 Qxe4+ 0-1

[Event "FIN-ch Seniors 65 2020"]
[Site "Helsinki"]
[Date "2020.09.25"]
[Round "2.5"]
[White "Saharinen, Petri"]
[Black "Virtanen, Esko"]
[Result "1-0"]
[ECO "D20"]
[WhiteElo "1720"]
[BlackElo "1739"]
[Annotator "NA RC"]
[PlyCount "27"]
[EventDate "2020.09.24"]
[EventType "swiss"]
[EventCountry "FIN"]
[SourceTitle "playchess.com"]
[Source "ChessBase"]
[SourceQuality "1"]
[TimeControl "40/5400+30:1800+30"]

1. d4 d5 2. c4 c6 3. Nf3 dxc4 4. e4 Nf6 5. e5 Nd5 6. Bxc4 e6 7. O-O Be7 8. Nc3 O-O 9. Ne4 h6 10. Ng3 f5 11. exf6 Bxf6 12. Ne5 Re8 13. Qh5 Qc7 14. Qxe8+ 1-0

[Event "FIN-ch Seniors 65 2020"]
[Site "Helsinki"]
[Date "2020.09.25"]
[Round "3.1"]
[White "Ruotanen, Helge"]
[Black "Karppinen, Martti"]
[Result "*"]
[ECO "A41"]
[WhiteElo "1946"]
[BlackElo "1878"]
[Annotator "NA"]
[PlyCount "65"]
[EventDate "2020.09.24"]
[EventType "swiss"]
[EventCountry "FIN"]
[SourceTitle "playchess.com"]
[Source "ChessBase"]
[SourceQuality "1"]
[TimeControl "40/5400+30:1800+30"]

1. Nf3 g6 2. c4 Bg7 3. d4 d6 4. Nc3 Bg4 5. e3 Nc6 6. Be2 e5 7. d5 Nce7 8. e4 h6 9. Be3 f5 10. g3 Qd7 11. c5 fxe4 12. Nxe4 Nf6 13. Nxf6+ Bxf6 14. Qb3 Qf5 15. Nd2 Bxe2 16. Kxe2 e4 17. Qc4 O-O 18. Qxe4 Rae8 19. Qxf5 Nxf5 20. Kd3 Nxe3 21. fxe3 Re5 22. e4 dxc5 23. Rhf1 Re7 24. Rac1 b6 25. b3 Kg7 26. a4 Rd8 27. Nc4 c6 28. d6 b5 29. axb5 cxb5 30. Nd2 Rxd6+ 31. Ke2 Bg5 32. Rfd1 Red7 33. Rf1 *

[Event "FIN-ch Seniors 65 2020"]
[Site "Helsinki"]
[Date "2020.09.25"]
[Round "3.1"]
[White "Ruotanen, Helge"]
[Black "Karppinen, Martti"]
[Result "1/2-1/2"]
[ECO "A00"]
[WhiteElo "1946"]
[BlackElo "1878"]
[Annotator "NA"]
[PlyCount "43"]
[EventDate "2020.09.24"]
[EventType "swiss"]
[EventCountry "FIN"]
[SourceTitle "playchess.com"]
[Source "ChessBase"]
[SourceQuality "1"]
[TimeControl "40/5400+30:1800+30"]

1. g3 g6 2. d3 Bg7 3. Nc3 Nc6 4. Bg2 d6 5. e4 Nd4 6. h3 c5 7. f4 h5 8. Nd5 Nf6 9. Ne3 Rb8 10. c3 Nc6 11. Nf3 Be6 12. Ng5 Qc8 13. O-O Nh7 14. Nxh7 Rxh7 15. f5 Bd7 16. a4 b6 17. Qb3 gxf5 18. Nxf5 Be6 19. Qc2 Be5 20. Qf2 Bxf5 21. exf5 Bf6 22. Bf4 1/2-1/2

[Event "FIN-ch Seniors 65 2020"]
[Site "Helsinki"]
[Date "2020.09.25"]
[Round "3.3"]
[White "Terasalo, Kari"]
[Black "Koskinen, Hannu E."]
[Result "0-1"]
[ECO "A38"]
[WhiteElo "1782"]
[BlackElo "1753"]
[Annotator "NA"]
[PlyCount "130"]
[EventDate "2020.09.24"]
[EventType "swiss"]
[EventCountry "FIN"]
[SourceTitle "playchess.com"]
[Source "ChessBase"]
[SourceQuality "1"]
[TimeControl "40/5400+30:1800+30"]

1. Nf3 Nf6 2. c4 c5 3. g3 g6 4. Bg2 Bg7 5. O-O O-O 6. Nc3 Nc6 7. d3 d6 8. Bg5 h6 9. Bd2 a6 10. Qc1 Kh7 11. Re1 Rb8 12. a3 Bd7 13. Rb1 b5 14. Nd5 Nxd5 15. cxd5 Nd4 16. Nxd4 cxd4 17. e4 dxe3 18. Bxe3 Bf5 19. Qd2 Qd7 20. f3 h5 21. Rbc1 Rbc8 22. Qe2 Bf6 23. Rc6 Rxc6 24. dxc6 Qe6 25. c7 Qb3 26. d4 Bd3 27. Qd2 Rc8 28. Rc1 Bc4 29. Rc3 Qa2 30. Qc1 e5 31. dxe5 Bxe5 32. Rc2 Rxc7 33. f4 Bg7 34. Bf3 Re7 35. Bf2 Qb3 36. Kg2 Bd5 37. Bxd5 Qxd5+ 38. Kg1 Bd4 39. Rd2 Bxf2+ 40. Kxf2 Qc5+ 41. Qxc5 dxc5 42. Rd6 Re6 43. Rd5 Rc6 44. Ke2 Kg7 45. Kf2 Kf6 46. Kf3 c4 47. Ke4 Re6+ 48. Kd4 Re2 49. Rd6+ Ke7 50. Rxa6 Rxh2 51. Ra7+ Ke6 52. Ra6+ Kf5 53. Rb6 Rd2+ 54. Kc5 Rxb2 55. a4 c3 56. Kd4 bxa4 57. Rc6 a3 58. Rxc3 a2 59. Ra3 Rg2 60. Ra5+ Kg4 61. Ke4 f5+ 62. Ke5 Kxg3 63. Ra6 Kh2 64. Kf6 h4 65. Kg7 Kg1 0-1

[Event "FIN-ch Seniors 65 2020"]
[Site "Helsinki"]
[Date "2020.09.25"]
[Round "3.4"]
[White "Virtanen, Esko"]
[Black "Tiensuu, Seppo"]
[Result "1-0"]
[ECO "D02"]
[WhiteElo "1739"]
[BlackElo "1412"]
[Annotator "NA"]
[PlyCount "49"]
[EventDate "2020.09.24"]
[EventType "swiss"]
[EventCountry "FIN"]
[SourceTitle "playchess.com"]
[Source "ChessBase"]
[SourceQuality "1"]
[TimeControl "40/5400+30:1800+30"]

1. Nf3 d5 2. d4 Bg4 3. Ne5 Bh5 4. c4 f6 5. g4 dxc4 6. gxh5 fxe5 7. d5 Nf6 8. Nc3 e6 9. e4 Bb4 10. Qa4+ c6 11. Qxb4 b6 12. dxe6 a5 13. Qxc4 Qd4 14. h6 b5 15. Qxd4 exd4 16. hxg7 Rg8 17. Ne2 Nxe4 18. Nxd4 Rxg7 19. f4 Nd6 20. f5 Rg4 21. Be3 Re4 22. Kf2 c5 23. Bxb5+ Nxb5 24. Nxb5 Na6 25. Nd6+ 1-0

[Event "FIN-ch Seniors 65 2020"]
[Site "Helsinki"]
[Date "2020.09.25"]
[Round "3.5"]
[White "Jarnstrom, Henrik"]
[Black "Saharinen, Petri"]
[Result "0-1"]
[ECO "A07"]
[WhiteElo "1696"]
[BlackElo "1720"]
[Annotator "NA"]
[PlyCount "79"]
[EventDate "2020.09.24"]
[EventType "swiss"]
[EventCountry "FIN"]
[SourceTitle "playchess.com"]
[Source "ChessBase"]
[SourceQuality "1"]
[TimeControl "40/5400+30:1800+30"]

1. Nf3 Nf6 2. d3 d5 3. g3 c6 4. Bg2 g6 5. O-O Bg7 6. Nbd2 O-O 7. Ne1 e5 8. Nb3 Bg4 9. h3 Be6 10. Bd2 Nbd7 11. f4 Qb6+ 12. Kh2 exf4 13. Bxf4 c5 14. Rb1 Rac8 15. Nd2 Nh5 16. b3 Nxf4 17. Rxf4 Be5 18. Rf3 Nf6 19. e4 dxe4 20. Nxe4 Nxe4 21. dxe4 Rcd8 22. Nd3 Qc7 23. Qe2 Bg7 24. c4 b6 25. Rbf1 Bc8 26. Nf4 Bb7 27. Nd5 Qe5 28. Rd3 f5 29. Re1 fxe4 30. Bxe4 Rde8 31. Re3 Bh6 32. Rf3 Rxf3 33. Qxf3 Rf8 34. Qe2 Kh8 35. Qg2 Qd4 36. Re2 Bg7 37. Nf4 Bxe4 38. Qxe4 g5 39. Ne6 Rf2+ 40. Rxf2 0-1

[Event "FIN-ch Seniors 65 2020"]
[Site "Helsinki"]
[Date "2020.09.26"]
[Round "4.1"]
[White "Patola, Eero"]
[Black "Ruotanen, Helge"]
[Result "0-1"]
[ECO "A16"]
[WhiteElo "1826"]
[BlackElo "1946"]
[Annotator "NA"]
[PlyCount "144"]
[EventDate "2020.09.24"]
[EventType "swiss"]
[EventCountry "FIN"]
[SourceTitle "playchess.com"]
[Source "ChessBase"]
[SourceQuality "1"]
[TimeControl "40/5400+30:1800+30"]

1. c4 g6 2. Nc3 Bg7 3. g3 Nf6 4. Bg2 O-O 5. e4 d6 6. d3 c6 7. Nge2 Bg4 8. h3 Be6 9. O-O d5 10. cxd5 cxd5 11. e5 Ne8 12. d4 Nc7 13. Nf4 Nc6 14. a3 Qd7 15. b4 b5 16. Be3 Rac8 17. Kh2 Rfd8 18. Nd3 Nxe5 19. Nc5 Qe8 20. Nb7 Nc4 21. Nxd8 Qxd8 22. a4 a6 23. axb5 axb5 24. Ne2 Qd6 25. Qb3 Qb6 26. Ra2 f5 27. Rfa1 Bf7 28. Ra7 e6 29. Bf4 e5 30. dxe5 Bxe5 31. Bxe5 Nxe5 32. Qe3 Qf6 33. Rc1 Nc4 34. Qd4 Qd8 35. Nf4 g5 36. Nd3 Qd6 37. Re1 Rd8 38. Qc5 Qxc5 39. Nxc5 Ne8 40. Ree7 Ned6 41. Ne6 Bxe6 42. Rxe6 Nc8 43. Ra8 d4 44. Rc6 N4d6 45. Bf1 Kf7 46. Be2 Ke7 47. Rc7+ Kf6 48. Rxh7 Re8 49. Bf3 Re1 50. Ra6 d3 51. Ra3 g4 52. hxg4 fxg4 53. Bxg4 d2 54. Rd3 Ne4 55. Kg2 Ncd6 56. Bf3 Nc4 57. Rhd7 Ne5 58. R7d6+ Nxd6 59. Rxd6+ Ke7 60. Rxd2 Rb1 61. Rd4 Nc4 62. Re4+ Kd6 63. Rd4+ Kc7 64. Be2 Rxb4 65. Bxc4 bxc4 66. Rd2 Kc6 67. g4 Kc5 68. g5 c3 69. Rc2 Kd4 70. f4 Rb2 71. Kf3 Rxc2 72. g6 Rb2 0-1

[Event "FIN-ch Seniors 65 2020"]
[Site "Helsinki"]
[Date "2020.09.26"]
[Round "4.3"]
[White "Virtanen, Esko"]
[Black "Terasalo, Kari"]
[Result "0-1"]
[ECO "D07"]
[WhiteElo "1739"]
[BlackElo "1782"]
[Annotator "NA"]
[PlyCount "92"]
[EventDate "2020.09.24"]
[EventType "swiss"]
[EventCountry "FIN"]
[SourceTitle "playchess.com"]
[Source "ChessBase"]
[SourceQuality "1"]
[TimeControl "40/5400+30:1800+30"]

1. Nf3 d5 2. d4 Nc6 3. c4 Nf6 4. Nc3 e6 5. Bf4 a6 6. e3 Be7 7. Rc1 O-O 8. Be2 h6 9. h3 dxc4 10. Bxc4 Nd5 11. Nxd5 exd5 12. Bb3 Bd6 13. Bxd6 Qxd6 14. O-O Bf5 15. a3 Rad8 16. Bc2 Bxc2 17. Qxc2 Rd7 18. Qc5 Qf6 19. b4 Rd6 20. a4 Qg6 21. b5 b6 22. Qc3 axb5 23. axb5 Rf6 24. Kh2 Ne7 25. Qxc7 Qe4 26. Qc2 Qe6 27. Ne5 Ng6 28. Qc7 Nxe5 29. dxe5 Rg6 30. Rc6 Qf5 31. Rxb6 Rxb6 32. Qxb6 Qxe5+ 33. g3 Re8 34. Rd1 Qb2 35. Kg1 Re6 36. Qd8+ Kh7 37. Qxd5 Rf6 38. Rd2 Qb1+ 39. Kg2 Qa1 40. Qe4+ g6 41. Qd4 Qa8+ 42. Kg1 Rf5 43. b6 Rb5 44. Rb2 Qa1+ 45. Kg2 Qxb2 46. Qc4 Rf5 0-1

[Event "FIN-ch Seniors 65 2020"]
[Site "Helsinki"]
[Date "2020.09.26"]
[Round "4.4"]
[White "Tiensuu, Seppo"]
[Black "Jarnstrom, Henrik"]
[Result "1-0"]
[ECO "B02"]
[WhiteElo "1412"]
[BlackElo "1696"]
[Annotator "NA"]
[PlyCount "59"]
[EventDate "2020.09.24"]
[EventType "swiss"]
[EventCountry "FIN"]
[SourceTitle "playchess.com"]
[Source "ChessBase"]
[SourceQuality "1"]
[TimeControl "40/5400+30:1800+30"]

1. e4 Nf6 2. Nc3 d5 3. Nxd5 Nxd5 4. exd5 Qxd5 5. d4 Nc6 6. Nf3 Bg4 7. c4 Qe4+ 8. Be3 Bxf3 9. gxf3 Qg6 10. h4 e6 11. a3 f5 12. d5 O-O-O 13. Qa4 exd5 14. O-O-O d4 15. Bg5 Rd7 16. Bh3 Kb8 17. Qb5 Rf7 18. Rhe1 a6 19. Re8+ Ka7 20. Qd5 f4 21. Re6 Rf6 22. Bxf6 gxf6 23. b4 Bd6 24. c5 Be5 25. Rxc6 bxc6 26. Qxc6 f5 27. Qa4 Kb7 28. b5 axb5 29. Qxb5+ Ka7 30. c6 1-0

[Event "FIN-ch Seniors 65 2020"]
[Site "Helsinki"]
[Date "2020.09.26"]
[Round "4.5"]
[White "Karppinen, Martti"]
[Black "Saharinen, Petri"]
[Result "0-1"]
[ECO "A15"]
[WhiteElo "1878"]
[BlackElo "1720"]
[Annotator "NA"]
[PlyCount "94"]
[EventDate "2020.09.24"]
[EventType "swiss"]
[EventCountry "FIN"]
[SourceTitle "playchess.com"]
[Source "ChessBase"]
[SourceQuality "1"]
[TimeControl "40/5400+30:1800+30"]

1. c4 Nf6 2. g3 e6 3. Bg2 d5 4. d3 Bb4+ 5. Bd2 Bxd2+ 6. Nxd2 O-O 7. Qc2 c5 8. Ngf3 Nc6 9. O-O Qe7 10. Rfe1 Bd7 11. a3 Rac8 12. e3 Qd6 13. e4 dxe4 14. Nxe4 Nxe4 15. dxe4 e5 16. Rad1 Nd4 17. Nxd4 cxd4 18. Qd3 a5 19. Rc1 Be6 20. Bf1 f5 21. exf5 Bxf5 22. Qb3 Rc5 23. Bg2 b6 24. Rcd1 Qf6 25. Bd5+ Kh8 26. f3 g5 27. g4 Bg6 28. Kg2 h5 29. Rf1 h4 30. Be4 Bf7 31. Bd5 b5 32. Bxf7 Qxf7 33. Qd3 bxc4 34. Qc2 c3 35. bxc3 Rxc3 36. Qe4 Re3 37. Qc6 Re2+ 38. Rf2 Rxf2+ 39. Kxf2 Kg7 40. Qc1 Qxf3+ 41. Kg1 Qxg4+ 42. Kh1 Qf3+ 43. Kg1 Kh6 44. Qb1 Qf2+ 45. Kh1 h3 46. Qb6+ Kh5 47. Qb7 Qf1+ 0-1

[Event "FIN-ch Seniors 65 2020"]
[Site "Helsinki"]
[Date "2020.09.26"]
[Round "5.1"]
[White "Auvinen, Esa"]
[Black "Terasalo, Kari"]
[Result "1-0"]
[ECO "B44"]
[WhiteElo "1809"]
[BlackElo "1782"]
[Annotator "NA"]
[PlyCount "89"]
[EventDate "2020.09.24"]
[EventType "swiss"]
[EventCountry "FIN"]
[SourceTitle "playchess.com"]
[Source "ChessBase"]
[SourceQuality "1"]
[TimeControl "40/5400+30:1800+30"]

1. e4 c5 2. Nf3 Nc6 3. d4 cxd4 4. Nxd4 e6 5. Nb5 d6 6. Bf4 e5 7. Bg5 Qd7 8. Bc4 a6 9. N5c3 h6 10. Be3 Nf6 11. Na4 Rb8 12. Nb6 Qc7 13. Nc3 Bg4 14. f3 Bh5 15. Qd2 Na5 16. Ncd5 Nxd5 17. Bxd5 Nc6 18. Bb3 Be7 19. Rd1 O-O 20. Nd5 Qd7 21. Nxe7+ Qxe7 22. Qxd6 Qh4+ 23. Bf2 Qg5 24. Rg1 Rbd8 25. Qc5 Rxd1+ 26. Kxd1 Rd8+ 27. Bd5 Qf4 28. h3 Qxe4 29. c4 Qb1+ 30. Ke2 Qxb2+ 31. Kf1 Bg6 32. g4 Qxa2 33. Kg2 Qc2 34. Qb6 Rd7 35. Kg3 Qd2 36. Be3 Qd3 37. Re1 Rd6 38. Qxb7 Nd4 39. Qb8+ Kh7 40. Qxd6 Ne2+ 41. Kf2 Nc3 42. Qxe5 Qc2+ 43. Kg3 Ne2+ 44. Rxe2 Qxe2 45. Bd4 1-0